 Dungeon Crawl Stone Soup version 0.24.0-1-gfbc8707 (webtiles) character file.

Game seed: 3615890273637189621, levelgen mode: deterministic

20562 Geeful the Cleaver (level 12, -5/113 HPs)
             Began as a Hill Orc Abyssal Knight on Nov 2, 2019.
             Was a High Priest of Lugonu.
             Slain by a freezing wraith (7 damage)
             ... led by a death knight
             ... on level 13 of the Dungeon.
             The game lasted 00:43:22 (14878 turns).

Geeful the Cleaver (Hill Orc Abyssal Knight)       Turns: 14878, Time: 00:43:23

Health: -5/113     AC: 18    Str: 20    XL:     12   Next: 80%
Magic:  11/19      EV: 18    Int: 12    God:    Lugonu [*****.]
Gold:   597        SH:  7    Dex: 10    Spells: 11/11 levels left

rFire    + . .     SeeInvis .   B - +1 broad axe
rCold    + + .     Gourm    .   R - +3 warlock's mirror {reflect}
rNeg     . . .     Faith    .   r - +4 ring mail {rC+}
rPois    .         Spirit   .   n - +0 helmet
rElec    .         Reflect  +   J - scarf {rC+ rF+}
rCorr    .         Harm     .   (no gloves)
MR       .....     Rnd*Rage +   K - +0 pair of boots
Stlth    +.........             (no amulet)
HPRegen  0.28/turn              l - +4 ring of protection
MPRegen  0.16/turn              G - +5 ring of evasion

@: hasted and slowed
A: berserk 1, wild magic 1, sturdy frame 1
a: Depart the Abyss, Bend Space, Banish, Corrupt, Enter the Abyss, Renounce
Religion


You were on level 13 of the Dungeon.
You worshipped Lugonu.
Lugonu was extremely pleased with you.
You were hungry.

You visited 1 branch of the dungeon, and saw 13 of its levels.
You visited the Abyss 1 time.

You collected 597 gold pieces.

Inventory:

Hand Weapons
 z - a +4 scimitar of flaming
 A - a +2 war axe of holy wrath
 B - a +1 broad axe (weapon)
Missiles
 g - 46 poisoned darts
 o - 2 throwing nets
 v - 4 curare-tipped darts (quivered)
 x - 12 atropa-tipped darts
 M - 2 datura-tipped darts
Armour
 n - a +0 helmet (worn)
 r - a +4 ring mail of cold resistance (worn)
 J - a scarf of resistance (worn)
 K - a +0 pair of boots (worn)
 R - the +3 warlock's mirror (worn) {reflect}
   (You acquired it on level 12 of the Dungeon)
Jewellery
 l - a +4 ring of protection (left hand)
 m - an uncursed ring of fire
 t - an uncursed ring of protection from cold
 D - a +5 ring of dexterity
 G - a +5 ring of evasion (right hand)
 I - a +4 ring of evasion
Wands
 a - a wand of scattershot (8)
 y - a wand of flame (29)
 E - a wand of paralysis (9)
Scrolls
 h - a scroll of magic mapping
 i - 3 scrolls of teleportation
 p - 2 scrolls of silence
 u - 3 scrolls of amnesia
 F - a scroll of enchant armour
 L - 2 scrolls of remove curse
 O - 4 scrolls of identify
 P - a scroll of fear
Potions
 b - a potion of lignification {unknown}
 d - a potion of magic {unknown}
 e - a potion of mutation
 f - a potion of heal wounds {unknown}
 j - 4 potions of flight
 k - a potion of curing
 s - a potion of haste
 w - a potion of might
 C - 6 potions of berserk rage {unknown}
 H - a potion of cancellation {unknown}
 N - a potion of ambrosia {unknown}
Comestibles
 c - 12 rations
 q - 4 chunks of flesh


   Skills:
 + Level 12.7 Fighting
 + Level 13.5 Axes
 + Level 11.5 Armour
 - Level 5.2 Dodging
 - Level 4.0 Shields
 - Level 10.0 Invocations


You had 11 spell levels left.
You didn't know any spells.
Your spell library contained the following spells:

 Spells                   Type           Power        Failure   Level  Hunger
 Animate Skeleton         Necr           N/A          47%         1    ##.....
 Pain                     Necr           #...         47%         1    ##.....
 Regeneration             Chrm/Necr      #.........   83%         3    ####...
 Vampiric Draining        Necr           #.........   83%         3    ####...
 Animate Dead             Necr           N/A          99%         4    #####..


Dungeon Overview and Level Annotations

Branches:
Dungeon (13/15)            Temple (0/1) D:5            Lair (0/6) D:10
    Orc (0/2) D:10
 Vaults: D:13-14

Altars:
Qazlal
Trog
Yredelemnul

Portals:
Trove: D:11 (lose all piety)

Annotations:
D:3 3 runed translucent doors, centipede's ghost, amateur DrWz
D:8 2 transporters, exclusion: orange crystal statue
D:13 2 transporters, Hiramao's ghost, journeyman HOFi


Innate Abilities, Weirdness & Mutations

You tend to lose your temper in combat.
Your spells are a little harder to cast, but a little more powerful.
Your movements are slightly less encumbered by armour. (ER -2)


Message History

You barely miss the freezing wraith. You hit the freezing wraith.
The freezing wraith hits you!
* * * LOW HITPOINT WARNING * * *
The freezing wraith freezes you. You resist.
* * * LOW HITPOINT WARNING * * *
The freezing wraith misses you. You block the freezing wraith's attack.
The freezing wraith hits you!
* * * LOW HITPOINT WARNING * * *
The freezing wraith drains your vigour!
You feel yourself slow down. Space bends around you!
You blink.
The freezing wraith barely misses you. You block the freezing wraith's attack.
It was a potion of mutation.
You feel extremely strange.
You feel less encumbered by your armour.
You feel a little pissed off.
You feel less in control of your magic. The freezing wraith closely misses you.
The freezing wraith barely misses you. The freezing wraith misses you.
The freezing wraith hits you but does no damage.
It was a potion of haste.
You feel yourself speed up. The freezing wraith hits you!
You die...

#####..
.......######
..$....#....#
.......+((..#
......#....#
.##
.....#@####.(..
###
#.)WW§......
...#((W.)...(..
#.#.(#######..
#.'.(# #.#..#
#.#..# # #..#
#..#


You could see 3 freezing wraiths.

Vanquished Creatures
  A sphinx (D:12)
  Erica (D:8)
  4 two-headed ogres
  2 centaur warriors (D:12)
  4 unseen horrors
  2 manticores (D:12)
  An ugly thing (D:12)
  An elephant (D:10)
  2 kobold demonologists (D:12)
  A yaktaur (D:12)
  3 trolls
  4 hippogriffs
  Grinder (D:3)
  5 yaks
  2 wyverns
  6 hungry ghosts
  3 basilisks
  2 vampire mosquitoes (D:12)
  Menkaure (D:6)
  A water moccasin (D:11)
  Duvessa (D:5)
  3 ice beasts
  4 orc warriors
  A black bear (D:8)
  A necrophage (D:5)
  2 phantoms
  2 sky beasts
  8 centaurs
  3 ogres
  8 bullfrogs
  2 big kobolds
  Dowan (D:5)
  5 killer bees
  3 scorpions
  A troll zombie (D:10)
  5 howler monkeys
  3 crimson imps
  A centaur zombie (D:10)
  5 bullfrog zombies
  4 hounds
  5 jellies
  6 orc wizards
  3 orc priests
  A centaur skeleton (D:4)
  7 worker ants
  4 bullfrog skeletons
  An iguana (D:13)
  7 ogre zombies (D:10)
  Robin (D:4)
  7 gnolls
  13 adders
  A shadow imp (D:6)
  7 oozes
  An adder skeleton (D:6)
  An adder zombie (D:6)
  5 leopard geckos
  44 orcs
  12 giant cockroaches
  20 goblins
  13 hobgoblins
  10 jackals
  6 quokkas
  2 ball pythons
  4 bats
  2 frilled lizards
  3 hobgoblin skeletons (D:10)
  2 hobgoblin zombies (D:10)
  21 kobolds
  2 orc skeletons (D:10)
  18 orc zombies (D:10)
  A quokka zombie (D:6)
  8 rats
348 creatures vanquished.

Vanquished Creatures (others)
  A death knight (D:13)
  A two-headed ogre (D:7)
2 creatures vanquished.

Grand Total: 350 creatures vanquished

Notes
Turn   | Place    | Note
-------+----------+-------------------------------------------
     0 | Abyss:1  | Geeful the Hill Orc Abyssal Knight began the quest for the
                  | Orb.
     0 | Abyss:1  | Reached XP level 1. HP: 19/19 MP: 2/2
    54 | Abyss:1  | Noticed a large abomination
    60 | Abyss:1  | Noticed a large abomination
    78 | Abyss:1  | Noticed a raiju
    79 | D:1      | Escaped the Abyss
   101 | D:1      | Reached * piety under Lugonu
   165 | D:1      | Reached skill level 1 in Dodging
   165 | D:1      | Reached XP level 2. HP: 24/27 MP: 3/3
   239 | D:1      | Reached skill level 3 in Axes
   673 | D:1      | Reached XP level 3. HP: 33/33 MP: 5/5
   788 | D:2      | Reached ** piety under Lugonu
   793 | D:2      | Reached XP level 4. HP: 25/40 MP: 6/6
  1462 | D:3      | You fall into a shaft and drop 1 floor!
  1482 | D:4      | Reached XP level 5. HP: 47/47 MP: 7/7
  1553 | D:4      | Noticed Robin
  1573 | D:4      | Killed Robin
  1573 | D:4      | Reached skill level 4 in Axes
  1771 | D:4      | Reached *** piety under Lugonu
  1901 | D:4      | Reached XP level 6. HP: 51/55 MP: 9/9
  2012 | D:4      | Reached skill level 5 in Fighting
  2696 | D:3      | Found a runed translucent gate.
  2698 | D:3      | Found a runed translucent gate.
  2699 | D:3      | Found a runed translucent gate.
  2700 | D:3      | Noticed centipede's ghost (amateur DrWz)
  2988 | D:3      | Reached XP level 7. HP: 61/61 MP: 10/10
  3310 | D:3      | Noticed Grinder
  3323 | D:3      | Killed Grinder
  3323 | D:3      | Reached skill level 5 in Axes
  3323 | D:3      | Reached skill level 5 in Invocations
  3467 | D:5      | Entered Level 5 of the Dungeon
  3533 | D:5      | Noticed a wyvern
  3551 | D:5      | Killed a wyvern
  3551 | D:5      | Reached XP level 8. HP: 34/70 MP: 12/12
  3793 | D:5      | Noticed Dowan
  3806 | D:5      | Noticed Duvessa
  3812 | D:5      | Killed Dowan
  3878 | D:5      | Killed Duvessa
  3878 | D:5      | Reached skill level 6 in Axes
  3878 | D:5      | Reached skill level 5 in Armour
  4136 | D:5      | Reached **** piety under Lugonu
  4169 | D:5      | Found a staircase to the Ecumenical Temple.
  4529 | D:6      | Noticed Menkaure
  4876 | D:6      | Killed Menkaure
  4876 | D:6      | Reached skill level 7 in Axes
  4876 | D:6      | Reached XP level 9. HP: 16/79 MP: 14/14
  5638 | D:7      | Noticed a two-headed ogre
  5661 | D:7      | Banished a two-headed ogre
  5787 | D:7      | Reached skill level 8 in Axes
  5846 | D:7      | Found a basalt altar of Yredelemnul.
  6439 | D:7      | Killed an unseen horror
  6439 | D:7      | Reached skill level 5 in Dodging
  6439 | D:7      | Reached XP level 10. HP: 65/90 MP: 16/16
  7109 | D:7      | Reached skill level 9 in Axes
  7253 | D:8      | Noticed Erica
  7292 | D:8      | Killed Erica
  7553 | D:8      | Noticed a two-headed ogre
  7568 | D:8      | Killed a two-headed ogre
  7725 | D:8      | Reached skill level 10 in Axes
  7898 | D:8      | Found a transporter.
  7900 | D:8      | Noticed a stone giant
  7902 | D:8      | Noticed an orange crystal statue
  7903 | D:8      | Noticed a six-headed hydra
  7904 | D:8      | Noticed a seven-headed hydra
  7912 | D:8      | Found a transporter.
  8187 | D:9      | Reached skill level 10 in Invocations
  8708 | D:10     | Entered Level 10 of the Dungeon
  8790 | D:10     | Reached XP level 11. HP: 88/99 MP: 18/18
  8793 | D:10     | Found a staircase to the Orcish Mines.
  8844 | D:10     | Reached ***** piety under Lugonu
  8892 | D:10     | Reached skill level 10 in Fighting
  9234 | D:10     | Identified the +5 leather armour "Jexerphups" {*Drain rC+
                  | Regen+}
  9329 | D:10     | Found a staircase to the Lair.
  9449 | D:10     | Found a stormy altar of Qazlal.
  9488 | D:10     | Noticed a two-headed ogre
  9499 | D:10     | Killed a two-headed ogre
  9686 | D:10     | Reached skill level 11 in Axes
 10291 | D:11     | Noticed a two-headed ogre
 10304 | D:11     | Killed a two-headed ogre
 10308 | D:11     | Found a portal to a secret trove of treasure.
 10810 | D:11     | Killed an unseen horror
 10810 | D:11     | Reached skill level 10 in Armour
 11224 | D:12     | Noticed a manticore
 11237 | D:12     | Killed a manticore
 11242 | D:12     | Noticed a two-headed ogre
 11244 | D:12     | Noticed a centaur warrior
 11273 | D:11     | Reached skill level 12 in Axes
 11814 | D:12     | Identified 3 scrolls of acquirement
 11815 | D:12     | Found the +3 warlock's mirror {reflect}
 11822 | D:12     | Got a steaming buckler
 11826 | D:12     | Got a shimmering battleaxe
 11828 | D:12     | Identified the +1 battleaxe "Qayff" {venom, Int+2} (You
                  | acquired it on level 12 of the Dungeon)
 11836 | D:12     | Identified the +0 buckler "Waos Viz" {rCorr} (You acquired
                  | it on level 12 of the Dungeon)
 11977 | D:12     | Killed an unseen horror
 11977 | D:12     | Reached skill level 1 in Shields
 12028 | D:12     | Reached XP level 12. HP: 28/110 MP: 19/19
 12568 | D:12     | Killed a centaur warrior
 12660 | D:12     | Noticed a sphinx
 12676 | D:12     | Killed a sphinx
 12776 | D:12     | Noticed a centaur warrior
 12789 | D:12     | Killed a centaur warrior
 13494 | D:12     | Reached skill level 13 in Axes
 13612 | D:12     | Noticed a sun demon
 14014 | D:12     | Killed a two-headed ogre
 14137 | D:12     | Noticed a sun demon
 14774 | D:13     | Found a transporter.
 14784 | D:13     | Found a bloodstained altar of Trog.
 14784 | D:13     | Noticed Hiramao's ghost (journeyman HOFi)
 14784 | D:13     | Noticed a two-headed ogre
 14785 | D:13     | Identified the +7 hand axe of Anxiety {antimagic, Str-5
                  | Dex+7}
 14785 | D:13     | Noticed a tengu warrior
 14785 | D:13     | Noticed a two-headed ogre
 14804 | D:13     | Found a transporter.
 14859 | D:13     | Noticed a death knight
 14872 | D:13     | Banished a death knight
 14875 | D:13     | HP: 3/113 [freezing wraith[a death knight] (12)]
 14877 | D:13     | Gained mutation: Your movements are slightly less
                  | encumbered by armour. (ER -2) [potion of mutation]
 14877 | D:13     | Gained mutation: You tend to lose your temper in combat.
                  | [potion of mutation]
 14877 | D:13     | Gained mutation: Your spells are a little harder to cast,
                  | but a little more powerful. [potion of mutation]
 14878 | D:13     | Slain by a freezing wraith

Levels and vault maps discovered:
D:1:      dpeg_arrival_fog, layout_loops_ring, minmay_door_square,
          minmay_misc_feat_x
D:2:      layout_loops_ring, st_stairs_11
D:3:      layout_basic, first_ration, ebering_ghost_rock_garden, uniq_grinder
D:4:      layout_basic, minmay_misc_feat_iff, uniq_robin
D:5:      layout_loops_ring, minmay_temple_entry_trees, uniq_duvessa
D:6:      layout_basic, gup_sewer_entry_glass, uniq_menkaure
D:7:      layout_loops_ring, lemuel_crystal_altar
D:8:      gammafunk_sealed_arena, layout_basic, uniq_erica
D:9:      layout_rooms, nrook_uturn
D:10:     layout_cave_pools, david_lair_generic, zombieorc2_lemuel,
          serial_glass, glass_columns_b, glass_columns_a,
          minmay_strange_pillars, minmay_strange_pillars, basic_altar,
          hangedman_little_slice_of_home
D:11:     layout_basic, nicolae_trove_entry_crossroad
D:12:     hangedman_cross_veins, layout_basic
D:13:     layout_irregular_city, gammafunk_ghost_wrathful_warriors

Skill      XL: |  1  2  3  4  5  6  7  8  9 10 11 12 |
---------------+-------------------------------------+-----
Dodging        | 1 2 3 4 5 |  5.2
Axes           | 3 4 5 7 8 10 12 13 | 13.5
Invocations    | 3 4 5 7 8 10 | 10.0
Fighting       | 4 5 7 8 9 11 12 | 12.7
Armour         | 3 4 5 7 8 10 11 | 11.5
Shields        | 1 4 |  4.0

Action                   |  1- 3 |  4- 6 |  7- 9 | 10-12 || total
-------------------------+-------+-------+-------+-------++-------
Melee: Hand axe          |   105 |   146 |       |       ||   251
       War axe           |       |    49 |   343 |     8 ||   400
       Broad axe         |       |       |    28 |   819 ||   847
Throw: Dart              |       |    17 |    15 |    31 ||    63
       Throwing net      |       |       |     3 |       ||     3
Invok: Depart the Abyss  |     1 |       |       |       ||     1
       Bend Space        |       |       |     2 |     1 ||     3
       Banish            |       |       |     1 |     2 ||     3
  Use: Scroll            |     4 |     4 |     8 |     9 ||    25
       Potion            |       |       |     2 |     3 ||     5
 Stab: Distracted        |       |     1 |       |     1 ||     2
       Paralysed         |       |       |       |     1 ||     1
  Eat: Chunk             |       |     7 |    16 |    28 ||    51
       Ration            |       |       |     3 |     5 ||     8
Armor: Leather armour    |    17 |       |       |       ||    17
       Chain mail        |    44 |   134 |    42 |       ||   220
       Ring mail         |       |       |   176 |   372 ||   548
Dodge: Dodged            |    51 |    70 |   244 |   614 ||   979
Block: Buckler           |       |       |       |   112 ||   112
       Reflection        |       |       |       |     9 ||     9
